 Dungeon Crawl Stone Soup version 0.22.0-49-gab54619 (webtiles) character file.

114 Marcoleric the Covered (level 4, 0/40 HPs)
             Began as a Hill Orc Fighter on Sept 7, 2018.
             Slain by Blork the orc
             ... wielding a +0 halberd of chopping
              (3 damage)
             ... on level 3 of the Dungeon.
             The game lasted 00:06:32 (2102 turns).

Marcoleric the Covered (Hill Orc Fighter)           Turns: 2102, Time: 00:06:33

Health: 0/40       AC:  9    Str: 19    XL:     4   Next: 98%
Magic:  4/4        EV:  5    Int:  8    God:
Gold:   108        SH:  9    Dex: 10    Spells: 3/3 levels left

rFire    x . .     SeeInvis .   a - +1 war axe
rCold    + . .     Gourm    .   c - +0 shield
rNeg     . . .     Faith    .   m - +0 chain mail
rPois    .         Spirit   .   (no helmet)
rElec    .         Reflect  .   (no cloak)
rCorr    .         Harm     .   (no gloves)
MR       .....                  (no boots)
Stlth    ..........             (no amulet)
HPRegen  0.13/turn              k - ring of ice
MPRegen  0.09/turn              (no ring)

@: no status effects
A: no striking features
a: no special abilities


You were on level 3 of the Dungeon.
You were not hungry.

You visited 1 branch of the dungeon, and saw 3 of its levels.

You collected 108 gold pieces.

Inventory:

Hand Weapons
 a - a +1 war axe (weapon)
 e - a -2 hand axe
Armour
 b - a +0 scale mail
 c - a +0 shield (worn)
 m - a +0 chain mail (worn)
Jewellery
 k - a ring of ice (left hand)
Scrolls
 i - a scroll of amnesia {unknown}
 l - a scroll of remove curse
 p - a scroll of magic mapping
Potions
 d - 2 potions of might
 g - 4 potions of berserk rage
 h - 2 potions of curing
 j - a potion of experience {unknown}
 n - a potion of brilliance {unknown}
 o - a potion of heal wounds {unknown}
Comestibles
 f - 4 rations


   Skills:
 + Level 4.2 Fighting
 + Level 3.6 Axes
 + Level 4.5 Armour
 + Level 1.3 Dodging
 + Level 3.6 Shields


You had 3 spell levels left.
You didn't know any spells.
Your spell library was empty.

Dungeon Overview and Level Annotations

Branches:
Dungeon (3/15)

Altars:
Ashenzari

Annotations:
D:3 Blork the orc


Message History

Blork the orc grins evilly.
Blork the orc is too close now for your liking.
Blork the orc casts a spell at you. The magic dart hits you!
Blork the orc begins to cast a cantrip, but forgets the words!
Why would you want to do that?
Blork the orc screams, "I'll break your legs!"
Blork the orc points at you and mumbles some strange words.
The puff of frost hits you! You resist.
Blork the orc gestures at you while chanting.
The puff of frost hits you! You resist.
Blork the orc points at you and mumbles some strange words.
The puff of frost hits you! You resist.
Blork the orc gestures at you while chanting.
You block the puff of frost.
Blork the orc gestures at you while chanting.
The puff of flame hits you! The fire burns you terribly!
* * * LOW HITPOINT WARNING * * *
Blork the orc hits you from afar with a halberd of chopping.
You die...

####### ##.......#
......########.........#
............#....≈≈≈....
<####..#.####...≈≈≈≈≈...
.# #..#.#.....≈≈...≈≈..
.## #..#.......≈≈.>.≈≈..
..# #..#.#.....≈≈o..≈≈..
..# #..#.####...§≈≈≈≈...
#.# #..### #...@≈≈≈....
#.###..# ##.........#
...##..# ##.......##
#.#.#..# ###...###
.....<.# #### #.#.##.#
...###.# #... .[.
######.#.


You could see Blork the orc.

Vanquished Creatures
  Jessica (D:2)
  A gnoll (D:1)
  2 adders (D:2)
  An ooze (D:2)
  2 worms
  A dart slug (D:2)
  2 leopard geckos
  6 bats
  5 giant cockroaches (D:2)
  4 goblins (D:1)
  6 hobgoblins
  4 frilled lizards (D:2)
  10 kobolds
  6 rats
51 creatures vanquished.

Notes
Turn   | Place    | Note
-------+----------+-------------------------------------------
     0 | D:1      | Marcoleric the Hill Orc Fighter began the quest for the
                  | Orb.
     0 | D:1      | Reached XP level 1. HP: 19/19 MP: 1/1
   192 | D:1      | Reached XP level 2. HP: 26/26 MP: 2/2
   512 | D:1      | Reached XP level 3. HP: 33/33 MP: 3/3
  1024 | D:2      | Found a shattered altar of Ashenzari.
  1293 | D:2      | Reached XP level 4. HP: 30/40 MP: 4/4
  1385 | D:2      | Noticed Jessica
  1397 | D:2      | Killed Jessica
  1397 | D:2      | Reached skill level 1 in Dodging
  2068 | D:3      | Noticed Blork the orc
  2102 | D:3      | Slain by Blork the orc

Skill      XL: |  1  2  3  4 |
---------------+-------------+-----
Armour         | 4 |  4.5
Axes           | 3 |  3.6
Fighting       | 4 |  4.2
Dodging        | 1 |  1.3
Shields        | |  3.6

Action                   |  1- 3 |  4- 6 || total
-------------------------+-------+-------++-------
Melee: War axe           |    88 |    49 ||   137
       Hand axe          |    28 |       ||    28
  Use: Scroll            |     5 |       ||     5
       Potion            |     1 |       ||     1
  Eat: Ration            |     1 |     1 ||     2
Armor: Scale mail        |    59 |     4 ||    63
       Chain mail        |       |    17 ||    17
Dodge: Dodged            |    50 |     7 ||    57
Block: Shield            |    65 |    27 ||    92
